 Dungeon Crawl Stone Soup version 0.31-a0-986-g5e6e4ef867 (webtiles) character file.

Game seed: 9528971123121620623

134 Demosthentine the Ducker (level 4, 0/35 HPs)
             Began as a Demonspawn Gladiator on Nov 8, 2023.
             Constricted to death by Ijyb (4 damage)
             ... on level 4 of the Dungeon.
             The game lasted 00:02:21 (2683 turns).

Demosthentine the Ducker (Demonspawn Gladiator)     Turns: 2683, Time: 00:02:22

Health: 0/35       AC:  4    Str: 17    XL:     4   Next: 95%
Magic:  4/4        EV:  9    Int:  9    God:
Gold:   168        SH:  0    Dex: 14    Spells: 3/3 levels left

rFire   . . .        a - +0 trident
rCold   . . .        (no shield)
rNeg    . . .        b - +0 leather armour
rPois   .            c - +0 helmet
rElec   .            (no cloak)
rCorr   .            (no gloves)
SInv    .            (no boots)
Will    .....        (no amulet)
Stlth   +            (no ring)
HPRegen 0.25/turn    (no ring)
MPRegen 0.09/turn

%: no passive effects
@: grasped by roots, constricted
A: weakness stinger 1
a: no special abilities


You were on level 4 of the Dungeon.
You visited 1 branch of the dungeon, and saw 4 of its levels.

You collected 168 gold pieces.

Inventory:

Hand Weapons
 a - a +0 trident (weapon)
Missiles
 d - 3 throwing nets (quivered)
 e - a javelin
Armour
 b - a +0 leather armour (worn)
 c - a +0 helmet (worn)
Wands
 n - a wand of flame (15)
Scrolls
 g - a scroll of noise {unknown}
Potions
 h - a potion of lignification
 i - a potion of attraction
 j - 2 potions of brilliance
 l - 2 potions of degeneration {unknown}
 m - a potion of mutation {unknown}


   Skills:
 + Level 3.1 Fighting
 + Level 3.4 Polearms
 - Level 1.7 Throwing
 + Level 1.9 Armour
 + Level 3.4 Dodging


You had 3 spell levels left.
You didn't know any spells.
Your spell library contained the following spells:

 Spells                   Type           Power      Damage    Failure   Level
 Cigotuvi's Dreadful Rot  Necr/Pois/Air  0%         N/A       58%         2
 Ignite Poison            Fire/Tmut/Pois 0%         N/A       82%         3
 Freezing Cloud           Conj/Ice/Air   0%         6-21      100%        5


Dungeon Overview and Level Annotations

Branches:
Dungeon (4/15)
 Temple: D:4-7

Altars:
Fedhas

Portals:
Abyss: D:3

Annotations:
D:3 2 transporters, Cadnt's ghost, amateur DsGl
D:4 Ijyb


Innate Abilities, Weirdness & Mutations

You have a small tail.


Message History

You closely miss Ijyb. Your punch misses Ijyb.
Ijyb is moderately wounded.
Ijyb hits you but does no damage. The grasping roots constrict you.
* * * LOW HITPOINT WARNING * * *
Unknown command.
You feel much better. Ijyb hits you with a +0 dagger.
The grasping roots constrict you.
The grasping roots release their grip on you.
You barely miss Ijyb.
Ijyb is moderately wounded.
Ijyb zaps a wand.
The roots erupt in riotous growth!
The grasping roots grab you!
Ijyb is unaffected.
The grasping roots constrict you.
You hit Ijyb but do no damage.
Ijyb is moderately wounded.
Ijyb hits you but does no damage. The grasping roots constrict you.
The grasping roots release their grip on you.
You closely miss Ijyb.
Your tail-slap misses Ijyb.
Ijyb is moderately wounded.
Ijyb hits you with a +0 dagger.
You hit Ijyb.
Ijyb is heavily wounded.
Ijyb zaps a wand.
The roots erupt in riotous growth!
The grasping roots grab you!
Ijyb is unaffected.
The grasping roots constrict you.
Unknown command.
You hit Ijyb.
Ijyb is heavily wounded.
Ijyb screams, "I dance on your bones!" Ijyb hits you but does no damage.
The grasping roots constrict you!
* * * LOW HITPOINT WARNING * * *
Unknown command.
You barely miss Ijyb. You tail-slap Ijyb.
Ijyb is heavily wounded.
Ijyb barely misses you. The grasping roots constrict you.
* * * LOW HITPOINT WARNING * * *
Ijyb hits you with a +0 dagger.
* * * LOW HITPOINT WARNING * * *
The grasping roots constrict you.
You die...

............
#...........#
#............
###..:........#
........./..#
#.....[...#
#..g......###.#
#...@)........#
#.........##..#
#####.######..#
#.# #..# #.#
#..#
#.######[.#
#.........#
########.##
##.##


You could see Ijyb.

Vanquished Creatures
  A hound (D:4)
  3 adders (D:2)
  2 worms
  A dart slug (D:1)
  An orc (D:4)
  8 ball pythons
  4 endoplasms
  3 giant cockroaches
  7 goblins
  9 hobgoblins
  3 jackals
  2 quokkas
  5 bats
  7 frilled lizards
  7 kobolds
  3 rats
66 creatures vanquished.

Notes
Turn   | Place    | Note
-------+----------+-------------------------------------------
     0 | D:1      | Demosthentine the Demonspawn Gladiator began the quest for
                  | the Orb.
     0 | D:1      | Reached XP level 1. HP: 16/16 MP: 1/1
   109 | D:1      | Gained mutation: You have a small tail. [demonic ancestry]
   109 | D:1      | Reached XP level 2. HP: 22/22 MP: 2/2
   275 | D:1      | Reached skill level 1 in Armour
   735 | D:1      | Reached XP level 3. HP: 28/28 MP: 3/3
  1317 | D:2      | Reached XP level 4. HP: 34/34 MP: 4/4
  1883 | D:3      | Noticed a kobold brigand
  1892 | D:3      | Noticed a toenail golem
  1894 | D:3      | Found a transporter.
  1904 | D:3      | Found a one-way gate to the infinite horrors of the Abyss.
  1904 | D:3      | Noticed Cadnt's ghost (amateur DsGl)
  1917 | D:3      | Noticed a small abomination
  1917 | D:3      | Noticed a small abomination
  1927 | D:3      | Found a transporter.
  2437 | D:3      | Found a blossoming altar of Fedhas.
  2667 | D:4      | Noticed Ijyb
  2683 | D:4      | Constricted to death by Ijyb

Illustrated notes

Levels and vault maps discovered:
D:1:      zelgadis_glass_arrival_small, layout_basic
D:2:      minmay_angry_zag, layout_loops_ring, minmay_strange_pillars,
          minmay_3d_cube
D:3:      layout_loops_corners, fedhas_altar_2, gammafunk_ghost_abyssal_escape,
          serial_glass, glass_columns_a, glass_columns_a
D:4:      layout_loops_ring, temple_green, uniq_ijyb

Skill      XL: |  1  2  3  4 |
---------------+-------------+-----
Armour         | 1 |  1.9
Dodging        | 3 |  3.4
Polearms       | 3 |  3.4
Fighting       | 3 |  3.1
Throwing       | |  1.7

Action                     |  1- 3 |  4- 6 || total
---------------------------+-------+-------++-------
  Melee: Trident           |   111 |    78 ||   189
         Tailslap          |    14 |     8 ||    22
         Punch             |       |     1 ||     1
    Use: Scroll            |     4 |     5 ||     9
         Potion            |       |     1 ||     1
   Stab: Sleeping          |     1 |     4 ||     5
         Distracted        |     1 |       ||     1
 Armour: Leather armour    |    56 |    34 ||    90
  Dodge: Dodged            |    72 |    35 ||   107

Table legend: (Time is in decaauts)
 A = Elapsed time spent in this place.
 B = Non-inter-level travel time spent in this place.
 C = Inter-level travel time spent in this place.
 D = Time resting spent in this place.
 E = Time spent auto-exploring this place.
 F = Levels seen in this place.
 G = Mean time per level.
                   A        B        C        D        E       F      G
               +--------+--------+--------+--------+--------+-----+--------+
         Total |   2711 |   2599 |    112 |      0 |   2180 |   4 |  677.8 |
       Dungeon |   2711 |   2599 |    112 |      0 |   2180 |   4 |  677.8 |
               +--------+--------+--------+--------+--------+-----+--------+

Top non-repeatable levels by time:
     D:2: 989 daAuts
     D:1: 817 daAuts
     D:3: 809 daAuts
     D:4: 95 daAuts
